 Dungeon Crawl Stone Soup version 0.29.1-2-gbd0b4ee654 (webtiles) character file.

Game seed: 8377332411841922704

1559 Lutefisk the Trooper (level 8, -7/74 HPs)
             Began as a Grey Draconian Transmuter on Nov 6, 2022.
             Was an Initiate of Hepliaklqana.
             Mangled by Maggie
             ... wielding a +2 broad axe of flaming
              (22 damage)
             ... on level 6 of the Dungeon.
             The game lasted 00:19:00 (4504 turns).

Lutefisk the Trooper (Grey Draconian Transmuter)    Turns: 4504, Time: 00:19:01

Health: -7/74      AC:  2    Str: 14    XL:     8   Next: 58%
Magic:  9/11       EV: 21    Int: 13    God:    Hepliaklqana [......]
Gold:   275        SH:  0    Dex: 18    Spells: 5/11 levels left

rFire   . . .      SeeInvis +     - Unarmed
rCold   . . .      Faith    .   (shield currently unavailable)
rNeg    . . .      Spirit   .   (body armour unavailable)
rPois   x          Reflect  .   (helmet currently unavailable)
rElec   .          Harm     .   (cloak currently unavailable)
rCorr   .          Rampage  .   (gloves currently unavailable)
Will    .....                   (boots currently unavailable)
Stlth   ++........              (no amulet)
HPRegen 0.22/turn               p - ring of see invisible
MPRegen 0.12/turn               (no ring)

@: spider-form, mesmerised
A: venomous fangs, AC +11, (amphibious), tiny, unfitting armour, (cold-blooded)
a: End Transformation, Renounce Religion


You were on level 6 of the Dungeon.
You worshipped Hepliaklqana.
Hepliaklqana was noncommittal.
You were a venomous arachnid creature.
You visited 2 branches of the dungeon, and saw 7 of its levels.
You also visited: Sewer.

You collected 275 gold pieces.

Inventory:

Hand Weapons
 d - a +2 dagger of speed
 f - a +0 rapier
 t - a +3 dagger of venom (melded)
Missiles
 u - 19 poisoned darts (quivered)
Armour
 k - a +2 pair of gloves of hurling (melded)
 s - a +1 cloak (melded)
Jewellery
 p - a ring of see invisible (left front leg)
Wands
 b - a wand of mindburst (10)
 o - a wand of digging (3)
 v - a wand of flame (20)
Scrolls
 i - a scroll of teleportation
 j - 3 scrolls of identify
 q - a scroll of magic mapping
 r - a scroll of brand weapon {unknown}
Potions
 a - a potion of lignification
 c - 2 potions of curing
 e - 2 potions of heal wounds
 g - a potion of degeneration {unknown}
 h - a potion of haste {unknown}
 l - 2 potions of ambrosia
 m - a potion of attraction {unknown}
 n - 3 potions of flight
 w - a potion of mutation {unknown}


   Skills:
 * Level 7.9 Fighting
 - Level 4.0 Dodging
 - Level 5.1 Unarmed Combat
 - Level 2.0 Spellcasting
 - Level 5.0 Transmutations
 - Level 2.0 Poison Magic
 - Level 2.0 Evocations


You had 5 spell levels left.
You knew the following spells:

 Your Spells              Type           Power      Damage    Failure   Level
a - Beastly Appendage     Tmut           28%        N/A       11%         1
b - Wereblood             Tmut           14%        N/A       14%         2
c - Spider Form           Tmut/Pois      10%        N/A       38%         3

Your spell library contained the following spells:

 Spells                   Type           Power      Damage    Failure   Level
 Freeze                   Ice            4%         1d3       47%         1
 Blink                    Tloc           2%         N/A       58%         2
 Lesser Beckoning         Tloc           1%         N/A       78%         3
 Ice Form                 Ice/Tmut       7%         N/A       83%         4
 Manifold Assault         Tloc           1%         N/A       100%        5


Dungeon Overview and Level Annotations

Branches:
Dungeon (6/15)             Temple (1/1) D:5           Sewer (visited)

Altars:
Ashenzari
Cheibriados
Dithmenos
Elyvilon
Fedhas
Gozag
Hepliaklqana
Kikubaaqudgha
Makhleb
Nemelex Xobeh
Okawaru
Qazlal
Ru
Sif Muna
Trog
Uskayaw
Vehumet
Wu Jian
Xom
Zin
The Shining One

Annotations:
D:6 Maggie


Innate Abilities, Weirdness & Mutations

You are a venomous arachnid creature.
You have poisonous fangs.
You are tiny and dextrous.
Your spellcasting is less reliable in this form.
Your armour is entirely melded.
You are incapable of wielding weapons or throwing items.
((Your dull iron-grey scales are very hard. (AC +11)))
((You are amphibious.))
You cannot fit into any form of body armour.
((You are cold-blooded and may be slowed by cold attacks.))


Message History

Confirm with . or Enter, or press ? or * to list all spells.
You turn into a venomous arachnid creature.
Your +3 dagger of venom melds into your body.
Your +1 cloak melds into your body.
Your +2 pair of gloves of hurling melds into your body.
Your +3 dagger of venom stops dripping with poison.
Your aim is not that steady anymore.
Maggie hits you with a +2 broad axe of flaming.
Maggie burns you.
You completely miss Maggie.
Maggie is heavily wounded.
Maggie closely misses you.
You hit Maggie.
Maggie is severely wounded.
Maggie hits you with a +2 broad axe of flaming!!
* * * LOW HITPOINT WARNING * * *
Maggie burns you.
* * * LOW HITPOINT WARNING * * *
You hit Maggie but do no damage.
Maggie is severely wounded.
You bite Maggie!
Maggie is severely wounded.
Maggie closely misses you.
The bullfrog snags a nearby moth with its tongue.
You hit Maggie.
Maggie is almost dead.
Maggie closely misses you.
You hit Maggie.
Maggie is almost dead.
Maggie misses you.
You hit Maggie but do no damage.
Maggie is almost dead.
Maggie hits you with a +2 broad axe of flaming.
* * * LOW HITPOINT WARNING * * *
Maggie burns you.
* * * LOW HITPOINT WARNING * * *
You hit Maggie but do no damage.
Maggie looks even sicker.
Maggie is almost dead.
Maggie hits you with a +2 broad axe of flaming!!
You die...

#########
################........
#.(((F@s.........#######
#.################


You could see Maggie (mesmerising, strong, very poisoned) and a bullfrog.

Vanquished Creatures
  Prince Ribbit (D:5)
  A steam dragon (D:6)
  2 black bears (D:4)
  An ogre (D:5)
  A kobold brigand (Sewer)
  2 scorpions (D:5)
  2 gnoll sergeants
  3 hounds
  2 orc priests
  An iguana (D:4)
  Natasha (thrice) (D:4)
  4 orc wizards
  8 gnolls
  11 adders
  3 river rats (D:4)
  A white imp (D:6)
  5 worms
  11 orcs
  5 ball pythons
  3 endoplasms
  2 giant cockroaches
  4 goblins
  4 hobgoblins
  9 jackals
  14 kobolds
  5 quokkas
  7 bats
  3 frilled lizards
  14 rats
132 creatures vanquished.

Vanquished Creatures (others)
  A fungus (D:2)
  2 plants (D:2)
3 creatures vanquished.

Grand Total: 135 creatures vanquished

Notes
Turn   | Place    | Note
-------+----------+-------------------------------------------
     0 | D:1      | Lutefisk the Draconian Transmuter began the quest for the
                  | Orb.
     0 | D:1      | Reached XP level 1. HP: 16/16 MP: 3/3
   165 | D:1      | Reached XP level 2. HP: 22/24 MP: 3/5
   189 | D:1      | Reached skill level 2 in Fighting
   376 | D:2      | Reached XP level 3. HP: 19/30 MP: 4/6
   611 | D:2      | Learned a level 2 spell: Wereblood
   615 | D:2      | Learned a level 3 spell: Spider Form
   820 | D:2      | Found a faded altar of an unknown god.
   829 | D:2      | Got Plato's Guide on the Blizzard
  1028 | D:3      | Found a stormy altar of Qazlal.
  1078 | D:3      | Reached skill level 3 in Fighting
  1094 | D:3      | Reached XP level 4. HP: 38/38 MP: 7/7
  1264 | D:4      | Reached skill level 1 in Poison Magic
  1358 | D:4      | Reached XP level 5. HP: 18/45 MP: 5/8
  1390 | D:4      | Noticed Natasha
  1396 | D:4      | Killed Natasha
  1480 | D:4      | Reached skill level 4 in Fighting
  1587 | D:4      | Found a glowing drain.
  1598 | Sewer    | Entered a sewer
  1730 | Sewer    | Reached XP level 6. HP: 52/52 MP: 9/9
  1765 | Sewer    | Found a white marble altar of Elyvilon.
  1947 | D:4      | Found a bloodstained altar of Trog.
  1952 | D:4      | Found a hide-covered altar of Uskayaw.
  1957 | D:4      | Found a shimmering altar of Xom.
  2068 | D:4      | Noticed Natasha
  2079 | D:4      | Killed Natasha
  2084 | D:5      | Entered Level 5 of the Dungeon
  2084 | D:5      | Noticed Prince Ribbit
  2137 | D:4      | Reached skill level 5 in Fighting
  2137 | D:4      | Your scales start taking on a dull iron-grey colour.
  2137 | D:4      | Reached XP level 7. HP: 59/61 MP: 8/10
  2196 | D:4      | Noticed Natasha
  2201 | D:4      | Killed Natasha
  2202 | D:4      | Reached skill level 5 in Unarmed Combat
  2686 | D:5      | Reached skill level 5 in Transmutations
  2879 | D:5      | Killed Prince Ribbit
  2880 | D:5      | Reached skill level 6 in Fighting
  2880 | D:5      | Reached skill level 1 in Evocations
  2880 | D:5      | Reached XP level 8. HP: 27/70 MP: 11/11
  3541 | D:6      | Reached skill level 7 in Fighting
  3723 | D:5      | Found a staircase to the Ecumenical Temple.
  3728 | Temple   | Entered the Ecumenical Temple
  3866 | Temple   | Became a worshipper of Hepliaklqana the Forgotten
  4481 | D:6      | Noticed Maggie
  4504 | D:6      | Mangled by Maggie

Illustrated notes

Levels and vault maps discovered:
D:1:      lemuel_arrival_cross, layout_loops_ring
D:2:      layout_basic, shapermc_ecumenical_altar_rom_forum
D:3:      layout_rooms, mainiacjoe_overflow_small_starburst,
          kennysheep_generic_room_16
D:4:      layout_basic, minmay_overflow_temple_star_quad,
          lightli_sewer_entry_pipes, uniq_natasha
D:5:      layout_loops_ring, minmay_temple_entry_nine_rooms, uniq_prince_ribbit1
D:6:      layout_loops_ring, lemuel_mausoleum_altar_yredelemnul,
          dk_noncrumbling_3, minmay_unpleasant_kobolds, uniq_maggie
Temple:   minmay_temple_bridge_d

Skill      XL: |  1  2  3  4  5  6  7  8 |
---------------+-------------------------+-----
Fighting       | 2 3 4 5 6 7 |  7.9
Unarmed Combat | 4 5 |  5.1
Poison Magic   | 2 |  2.0
Transmutations | 3 4 5 |  5.0
Dodging        | 2 3 4 |  4.0
Evocations     | 1 2 |  2.0
Spellcasting   | |  2.0

Action                   |  1- 3 |  4- 6 |  7- 9 || total
-------------------------+-------+-------+-------++-------
Melee: Unarmed           |    52 |       |    13 ||    65
       Tailslap          |    14 |    20 |    24 ||    58
       Kick              |     7 |     5 |       ||    12
       Dagger            |    92 |   170 |   182 ||   444
       Headbutt          |     7 |     2 |       ||     9
       Punch             |     3 |     4 |    10 ||    17
Throw: Dart              |       |     7 |     8 ||    15
 Cast: Beastly Appendage |    11 |     4 |       ||    15
       Wereblood         |       |     1 |       ||     1
       Spider Form       |       |       |     2 ||     2
Evoke: Wand              |       |     5 |     2 ||     7
  Use: Scroll            |       |     5 |     3 ||     8
       Potion            |       |     4 |     1 ||     5
 Stab: Sleeping          |     3 |       |       ||     3
Armor: Skin              |    35 |    58 |    83 ||   176
Dodge: Dodged            |    78 |    86 |   141 ||   305
